 Dungeon Crawl Stone Soup version 0.30-a0-639-g3916f1956a (webtiles) character file.

Game seed: 2528842109317171289

140 Mitcholas the Chopper (level 5, -7/32 HPs)
             Began as a Gargoyle Fighter on Jan 15, 2023.
             Killed from afar by an orc wizard (8 damage)
             ... with a puff of flame
             ... on level 4 of the Dungeon.
             The game lasted 00:03:29 (2230 turns).

Mitcholas the Chopper (Gargoyle Fighter)            Turns: 2230, Time: 00:03:29

Health: -7/32      AC: 13    Str: 21    XL:     5   Next: 23%
Magic:  5/5        EV:  9    Int:  9    God:
Gold:   102        SH:  0    Dex:  9    Spells: 4/4 levels left

rFire   . . .      SeeInvis .    a - +0 war axe
rCold   . . .      Faith    .    c - +0 buckler
rNeg    + + .      Spirit   .    b - +0 scale mail
rPois   ∞          Reflect  .    q - +1 helmet
rElec   +          Harm     .    (no cloak)
rCorr   .          Rampage  .    (no gloves)
Will    .....                    (no boots) Stlth
                                 (no amulet)
HPRegen 0.25/turn                o - ring of positive energy
MPRegen 0.09/turn                (no ring)

@: confused
A: sickness immunity, AC +4, negative energy resistance 1, electricity
resistance, torment resistance 1, petrification resistance
a: no special abilities


You were on level 4 of the Dungeon.
You visited 1 branch of the dungeon, and saw 4 of its levels.

You collected 102 gold pieces.

Inventory:

Hand Weapons
 a - a +0 war axe (weapon)
Armour
 b - a +0 scale mail (worn)
 c - a +0 buckler (worn)
 m - a +0 tower shield
 q - a +1 helmet (worn)
Jewellery
 o - a ring of positive energy (left hand)
Scrolls
 h - a scroll of enchant armour {unknown}
 i - a scroll of vulnerability {unknown}
 j - a scroll of poison {unknown}
 k - 3 scrolls of blinking {unknown}
 l - a scroll of fear {unknown}
 p - a scroll of noise {unknown}
 r - 3 scrolls of teleportation {unknown}
 s - 3 scrolls of identify {unknown}
Potions
 d - 4 potions of might
 e - a potion of brilliance {unknown}
 f - a potion of heal wounds {unknown}
 g - 3 potions of curing {unknown}
 n - a potion of haste {unknown}
 t - a potion of magic {unknown}


   Skills:
 - Level 3.2 Fighting
 * Level 4.8 Axes
 - Level 3.2 Armour
 - Level 3.2 Shields


You had 4 spell levels left.
You didn't know any spells.
Your spell library contained the following spells:

 Spells                   Type           Power      Damage    Failure   Level
 Magic Dart               Conj           0%         1d3       82%         1
 Summon Small Mammal      Summ           0%         N/A       82%         1
 Searing Ray              Conj           0%         2d4       91%         2
 Call Canine Familiar     Summ           0%         N/A       99%         3
 Frozen Ramparts          Ice            0%         1d1       99%         3
 Hailstorm                Conj/Ice       0%         3d3       99%         3
 Summon Guardian Golem    Hex/Summ       0%         N/A       99%         3
 Fulminant Prism          Conj/Hex       0%         3d5       100%        4
 Ice Form                 Ice/Tmut       0%         N/A       100%        4
 Summon Ice Beast         Ice/Summ       0%         N/A       100%        4
 Simulacrum               Ice/Necr       0%         N/A       100%        6


Dungeon Overview and Level Annotations

Branches:
Dungeon (4/15)
 Temple: D:4-7

Altars:

Shops:
D:1 ?


Innate Abilities, Weirdness & Mutations

You are immune to sickness and miasma.
Your stone body is resilient. (AC +4)
You are immune to poison.
You resist negative energy. (rN+)
You are resistant to electric shocks. (rElec)
You are resistant to unholy torment.
You are immune to petrification.


Message History

You are confused.
You're too confused to move!
You hear some strange, mumbled words.
You are more confused.
You miss something.
You hear some strange, mumbled words.
A puff of flame appears from out of thin air!
The puff of flame misses you. Something hits you but does no damage.
Something hits you but does no damage.
You completely miss something. Something hits you but does no damage.
Something hits you but does no damage.
A magic dart appears from out of thin air!
The magic dart hits you.
There is an open door here.
Something hits you but does no damage.
You hear some strange, mumbled words.
A puff of flame appears from out of thin air!
The puff of flame hits you!
There is an open door here.
You bump into the rock wall.
Something hits you but does no damage.
You hear some strange, mumbled words.
You are more confused.
You completely miss something.
You hear some strange, mumbled words.
A magic dart appears from out of thin air!
The magic dart hits you.
You bump into the rock wall.
Something hits you but does no damage.
You completely miss something. Something hits you but does no damage.
You hear some strange, mumbled words.
A magic dart appears from out of thin air!
The magic dart hits you!
* * * LOW HITPOINT WARNING * * *
You bump into the rock wall.
Something hits you.
* * * LOW HITPOINT WARNING * * *
You're too confused to move!
You hear some strange, mumbled words.
A puff of flame appears from out of thin air!
The puff of flame hits you!
You die...

#.....#.......#
#.....#.......#
#.....#......
#.....#....
###.... #..#
#.....###).#
+.....#.)..#
#.....{..).#
#....@#....#
#####.....######
................
.................
.................
.................
.................
.................
.................


There were no monsters in sight!

Vanquished Creatures
  A howler monkey (D:4)
  Robin (D:2)
  An adder (D:2)
  2 worms
  A dart slug (D:2)
  4 orcs
  4 bats (D:1)
  4 endoplasms
  3 giant cockroaches
  7 hobgoblins
  3 jackals (D:4)
  A quokka (D:1)
  6 ball pythons
  2 frilled lizards
  17 goblins
  7 kobolds
  5 rats
69 creatures vanquished.

Notes
Turn   | Place    | Note
-------+----------+-------------------------------------------
     0 | D:1      | Mitcholas the Gargoyle Fighter began the quest for the Orb.
     0 | D:1      | Reached XP level 1. HP: 14/14 MP: 1/1
    25 | D:1      | Reached skill level 2 in Axes
   150 | D:1      | Reached XP level 2. HP: 19/19 MP: 2/2
   172 | D:1      | Found Xifur's Magic Scroll Emporium.
   345 | D:1      | Reached skill level 3 in Axes
   536 | D:2      | Reached XP level 3. HP: 16/23 MP: 3/3
   990 | D:2      | Noticed Robin
  1000 | D:2      | Reached XP level 4. HP: 28/28 MP: 4/4
  1005 | D:2      | Killed Robin
  1006 | D:2      | Reached skill level 4 in Axes
  2067 | D:4      | Reached XP level 5. HP: 25/32 MP: 5/5
  2101 | D:4      | Noticed a steam dragon
  2229 | D:4      | HP: 1/32 [something (3)]
  2230 | D:4      | Killed from afar by an orc wizard

Illustrated notes

Levels and vault maps discovered:
D:1:      dpeg_arrival_windows_large_door, layout_rooms, serial_shops, shop,
          grunt_decor_arrowhead, minmay_bisected
D:2:      layout_loops_cross, uniq_robin
D:3:      layout_loops_corners, serial_park_tiny_2
D:4:      layout_gridville

Skill      XL: |  1  2  3  4 |
---------------+-------------+-----
Axes           | 2 3 4 |  4.8
Fighting       | |  3.2
Armour         | |  3.2
Shields        | |  3.2

Action                   |  1- 3 |  4- 6 || total
-------------------------+-------+-------++-------
Melee: War axe           |   112 |    78 ||   190
Armor: Scale mail        |    63 |    52 ||   115
Dodge: Dodged            |    62 |    32 ||    94
Block: Buckler           |    17 |    13 ||    30

Table legend: (Time is in decaauts)
 A = Elapsed time spent in this place.
 B = Non-inter-level travel time spent in this place.
 C = Inter-level travel time spent in this place.
 D = Time resting spent in this place.
 E = Time spent auto-exploring this place.
 F = Levels seen in this place.
 G = Mean time per level.
                   A        B        C        D        E       F      G
               +--------+--------+--------+--------+--------+-----+--------+
         Total |   2299 |   2209 |     90 |     27 |   1691 |   4 |  574.8 |
       Dungeon |   2299 |   2209 |     90 |     27 |   1691 |   4 |  574.8 |
               +--------+--------+--------+--------+--------+-----+--------+

Top non-repeatable levels by time:
     D:3: 865 daAuts
     D:2: 667 daAuts
     D:1: 556 daAuts
     D:4: 210 daAuts
